 Dungeon Crawl Stone Soup version 0.28.0-53-g5a82cb258f (webtiles) character file.

Game seed: 1380886565937081539

81 melloss the Sneak (level 4, -1/22 HPs)
             Began as a Spriggan Brigand on June 3, 2022.
             Slain by an orc wizard
             ... wielding a +0 dagger
              (2 damage)
             ... on level 3 of the Dungeon.
             The game lasted 00:05:08 (1999 turns).

melloss the Sneak (Spriggan Brigand)                Turns: 1999, Time: 00:05:08

Health: -1/22      AC:  3    Str:  7    XL:     4   Next: 20%
Magic:  5/5        EV: 18    Int: 14    God:
Gold:   42         SH:  0    Dex: 16    Spells: 2/3 levels left

rFire   . . .      SeeInvis +   a - +0 short sword (freeze)
rCold   . . .      Faith    .   (no shield)
rNeg    . . .      Spirit   .   q - +0 robe
rPois   .          Reflect  .   (helmet restricted)
rElec   .          Harm     .   c - +0 cloak
rCorr   .          Rampage  .   (gloves unavailable)
Will    .....                   (boots unavailable)
Stlth   ++++......              (no amulet)
HPRegen 0.07/turn               (no ring)
MPRegen 0.09/turn               (no ring)

@: very quick
A: very small, no large weapons, unfitting armour, see invisible, speed 3
a: no special abilities


You were on level 3 of the Dungeon.
You visited 1 branch of the dungeon, and saw 3 of its levels.

You collected 42 gold pieces.

Inventory:

Hand Weapons
 a - a +0 short sword of freezing (weapon)
 b - a +2 hunting sling of flaming
 f - a +2 dagger
Missiles
 d - 12 poisoned darts (quivered)
 e - 2 curare-tipped darts
Armour
 c - a +0 cloak (worn)
 q - a +0 robe (worn)
Jewellery
 s - an amulet of the acrobat
Scrolls
 g - a scroll of fog {unknown}
 j - a scroll of brand weapon {unknown}
 k - 2 scrolls of magic mapping {unknown}
 m - a scroll of summoning {unknown}
 n - a scroll of identify {unknown}
 r - a scroll of silence {unknown}
Potions
 h - a potion of ambrosia {unknown}
 i - a potion of mutation {unknown}
 l - a potion of curing {unknown}
 o - a potion of attraction {unknown}
 p - a potion of heal wounds {unknown}
 t - 2 potions of might {unknown}


   Skills:
 - Level 1.5 Fighting
 - Level 2.1 Short Blades
 - Level 2.0 Throwing
 + Level 3.9 Dodging
 + Level 7.4 Stealth


You had 2 spell levels left.
You knew the following spells:

 Your Spells              Type           Power      Damage    Failure   Level
a - Shock                 Conj/Air       0%         1d3       28%         1

Your spell library contained the following spells:

 Spells                   Type           Power      Damage    Failure   Level
 Swiftness                Air            0%         N/A       65%         3
 Airstrike                Air            0%         N/A       96%         4


Dungeon Overview and Level Annotations

Branches:
Dungeon (3/15)

Altars:

Shops:
D:1 :


Innate Abilities, Weirdness & Mutations

You are very small and have problems with some larger weapons.
You are too small for most types of armour.
You have supernaturally acute eyesight. (SInv)
You cover ground extremely quickly. (Speed+++)


Message History

An orc wizard comes into view. It is wielding a +0 dagger.
An orc comes into view. It is wielding a +0 dagger.
You close the door.
The orc shouts!
You hear a shout!
You hit the orc. You freeze the orc.
The orc is heavily wounded.
The orc barely misses you.
You closely miss the orc.
The orc is heavily wounded.
The orc hits you with a +0 dagger.
You hit the orc. You freeze the orc.
The orc is almost dead.
The orc completely misses you.
You hit the orc. You freeze the orc.
You kill the orc!
The orc wizard gestures at you while chanting.
The puff of flame misses you.
The orc wizard points at you and mumbles some strange words.
The puff of flame hits you.
* * * LOW HITPOINT WARNING * * *
You hit the orc wizard. You freeze the orc wizard.
The orc wizard is moderately wounded.
The orc wizard closely misses you.
You hit the orc wizard. You freeze the orc wizard.
The orc wizard is heavily wounded.
The orc wizard hits you but does no damage.
You hit the orc wizard. You freeze the orc wizard.
The orc wizard is severely wounded.
The orc wizard hits you with a +0 dagger.
* * * LOW HITPOINT WARNING * * *
You hit the orc wizard. You freeze the orc wizard.
The orc wizard is almost dead.
The orc wizard misses you.
You barely miss the orc wizard.
The orc wizard is almost dead.
The orc wizard closely misses you.
You closely miss the orc wizard.
The orc wizard is almost dead.
The orc wizard hits you with a +0 dagger.
You die...

#.##.##...# ...
#..#.##...# ..#
#.........# ....+
#..#.#....# ....#
#.........##....#
###..#.#..)..#....# o
#............+....#o#
#######......#......#
#.....@#....###
#<.....o.......
#...#########.#
#.......# ######..#
#..# #... ...## #..#


You could see an orc wizard.

Vanquished Creatures
  A gnoll (D:1)
  3 adders
  2 dart slugs
  An orc (D:3)
  6 endoplasms
  4 goblins
  3 hobgoblins
  4 jackals (D:1)
  2 kobolds (D:1)
  A quokka (D:2)
  5 ball pythons
  3 bats (D:2)
  3 frilled lizards (D:1)
  A rat (D:1)
39 creatures vanquished.

Notes
Turn   | Place    | Note
-------+----------+-------------------------------------------
     0 | D:1      | melloss the Spriggan Brigand began the quest for the Orb.
     0 | D:1      | Reached XP level 1. HP: 10/10 MP: 2/2
    43 | D:1      | Reached skill level 6 in Stealth
    47 | D:1      | Found Vefuonoz's Book Shop.
   214 | D:1      | Reached XP level 2. HP: 14/14 MP: 3/3
   318 | D:1      | Learned a level 1 spell: Shock
   396 | D:1      | Found a faded altar of an unknown god.
   433 | D:1      | Reached XP level 3. HP: 14/18 MP: 4/4
   929 | D:2      | Reached skill level 7 in Stealth
  1696 | D:2      | Reached XP level 4. HP: 22/22 MP: 5/5
  1996 | D:3      | HP: 1/22 [orc wizard/+0 dagger (4)]
  1999 | D:3      | Slain by an orc wizard

Illustrated notes

Levels and vault maps discovered:
D:1:      ebering_trefoil_3fold, layout_loops_ring,
          shapermc_ecumenical_altar_starsandcircs, serial_shops, shop,
          nicolae_concentric_dashed_squares_mild
D:2:      layout_basic
D:3:      layout_basic, evilmike_ruin_ashenzari, gammafunk_ghost_icy,
          serial_glass, glass_columns_b, glass_columns_a, glass_columns_c,
          glass_columns_a, glass_columns_b, glass_columns_b, glass_columns_a,
          glass_columns_c, minmay_pentangle

Skill      XL: |  1  2  3 |
---------------+----------+-----
Stealth        | 6 7 |  7.4
Dodging        | 2 3 |  3.9
Fighting       | |  1.5
Short Blades   | |  2.1
Throwing       | |  2.0

Action                   |  1- 3 |  4- 6 || total
-------------------------+-------+-------++-------
Melee: Dagger            |    20 |       ||    20
       Short sword       |    83 |    34 ||   117
 Stab: Sleeping          |    13 |     1 ||    14
Armor: Robe              |    11 |     1 ||    12
Dodge: Dodged            |    68 |    28 ||    96
